 Dungeon Crawl Stone Soup version 0.31-a0-237-g2d982f9f85 (webtiles) character file.

Game seed: 9074725939072199324

39 qw the Shooter (level 3, -3/29 HPs)
             Began as a Minotaur Hexslinger on July 11, 2023.
             Slain by a goblin
             ... wielding a +0 dagger
             ... led by Robin
              (4 damage)
             ... on level 1 of the Dungeon.
             The game lasted 00:00:17 (754 turns).

qw the Shooter (Minotaur Hexslinger)                 Turns: 754, Time: 00:00:17

Health: -3/29      AC:  2    Str: 12    XL:     3   Next: 28%
Magic:  3/3        EV: 12    Int: 10    God:
Gold:   57         SH:  0    Dex: 14    Spells: 3/4 levels left

rFire   . . .        Y - +1 sling
rCold   . . .        (no shield)
rNeg    . . .        c - +0 robe
rPois   .            (helmet restricted)
rElec   .            (no cloak)
rCorr   .            (no gloves)
SInv    .            (no boots)
Will    .....        (no amulet)
Stlth   +            (no ring)
HPRegen 0.24/turn    (no ring)
MPRegen 0.08/turn

%: no passive effects
@: no status effects
A: horns 2, retaliatory headbutt
a: no special abilities


You were on level 1 of the Dungeon.
You visited 1 branch of the dungeon, and saw 2 of its levels.

You collected 57 gold pieces.


Innate Abilities, Weirdness & Mutations

You have a pair of horns on your head.
You reflexively headbutt those who attack you in melee.


   Skills:
 - Level 2.2 Fighting
 + Level 3.7 Ranged Weapons
 - Level 2.1 Dodging
 - Level 1.0 Spellcasting
 - Level 2.0 Hexes


You had 3 spell levels left.
You knew the following spells:

 Your Spells              Type           Power      Damage    Failure   Level
a - Slow                  Hex            16%        N/A       16%         1

Your spell library contained the following spells:

 Spells                   Type           Power      Damage    Failure   Level
 Inner Flame              Hex/Fire       2%         N/A       56%         3
 Portal Projectile        Hex/Tloc       4%         N/A       56%         3
 Cause Fear               Hex            2%         N/A       83%         4

Inventory:

Hand Weapons
 Y - a +1 sling (weapon)
Armour
 c - a +0 robe (worn)
Potions
 e - a potion of cancellation {unknown}
 f - a potion of resistance {unknown}

Dungeon Overview and Level Annotations

Branches:
Dungeon (2/15)

Altars:

Annotations:
D:1 Robin


Message History

Robin is lightly wounded.
The goblin hits you but does no damage. The goblin barely misses you.
You furiously retaliate!
You headbutt the goblin. The goblin hits you but does no damage.
You shoot a sling bullet. The sling bullet hits the goblin.
You kill the goblin!
The hobgoblin hits you but does no damage.
The goblin misses you. The goblin closely misses you.
The goblin hits you with a +0 dagger. The goblin closely misses you.
Robin hits you with a +0 spear.
750 ||| STAIRDANCE The hobgoblin hits you.
The goblin closely misses you. Robin throws the goblin at you!
The goblin closely misses you.
You climb upwards.
There is a stone staircase leading down here.
Enter note:
Enter note:
Enter note:
Enter note: You shoot a sling bullet.
The sling bullet closely misses the goblin.
The goblin hits you but does no damage. The goblin hits you with a +0 dagger.
Robin roars a battlecry!
The goblins go into a battle-frenzy!
The hobgoblin completely misses you.
The goblin hits you with a +0 dagger. x2
You shoot a sling bullet. The sling bullet hits the goblin.
The goblin is severely wounded.
The goblin completely misses you. The goblin hits you with a +0 dagger.
Robin hits you from afar with a +0 spear.
The hobgoblin barely misses you. The goblin closely misses you.
The goblin hits you with a +0 dagger.
You shoot a sling bullet.
The sling bullet completely misses the goblin.
The goblin hits you with a +0 club. The goblin closely misses you.
You furiously retaliate!
You headbutt the goblin.
You kill the goblin!
Robin throws the goblin at you! The goblin hits you with a +0 dagger.
The goblin closely misses you. The hobgoblin barely misses you.
The goblin completely misses you. The goblin hits you with a +0 dagger.
You die...

######## #......# #......##
####### ####### #.......##
##.....# #.....# ###......###
##....... #.....# #.....gg.##
#........ #.....# ##...gg@g..##
#........ #.....## #...#.###...#
#........ #......###.##..# #.#.##
#........ #.......##.##.##
#.#..###........ #.....#..#.#..#
#%##...#........
#.....##.....#####>...#.#........
#.....#...............#.#........
...............######..........).
#####..........# #.#..........


You could see Robin, a hobgoblin (strong) and 3 goblins.

Vanquished Creatures
  3 dart slugs (D:1)
  5 bats (D:1)
  4 endoplasms (D:1)
  A giant cockroach (D:1)
  4 goblins
  4 hobgoblins (D:1)
  4 jackals (D:1)
  2 quokkas (D:1)
  A ball python (D:1)
  A frilled lizard (D:1)
  A rat (D:1)
30 creatures vanquished.

Notes
Turn   | Place    | Note
-------+----------+-------------------------------------------
     0 | D:1      | qw the Minotaur Hexslinger began the quest for the Orb.
     0 | D:1      | Reached XP level 1. HP: 16/16 MP: 1/1
     0 | D:1      | 0 ||| qw: Version: 0.3-a-52-g30416fa
     0 | D:1      | 0 ||| qw: Game counter: 5713
     0 | D:1      | 0 ||| qw: Melee chars always use a shield: true
     0 | D:1      | 0 ||| qw: God list: Okawaru
     0 | D:1      | 0 ||| qw: Allow faded altars: false
     0 | D:1      | 0 ||| qw: Do Orc after clearing Dungeon:15 true
     0 | D:1      | 0 ||| qw: Do second Lair branch before Depths: true
     0 | D:1      | 0 ||| qw: Lair rune preference: random
     0 | D:1      | 0 ||| qw: Goals: Normal
     0 | D:1      | 0 ||| PLANNING D:1-11
    54 | D:1      | Reached skill level 3 in Ranged Weapons
    59 | D:1      | Reached XP level 2. HP: 23/23 MP: 2/2
   292 | D:1      | Reached XP level 3. HP: 29/29 MP: 3/3
   612 | D:1      | 612 ||| READING scroll labelled UNNYHO HUTIUV.
   613 | D:1      | 613 ||| READING 2 scrolls labelled FEAMEE YGIRPHAM.
   714 | D:1      | 714 ||| READING scroll labelled NUAZEU XYNWOI.
   717 | D:1      | 717 ||| DROPPING scroll of poison.
   718 | D:1      | 718 ||| DROPPING scroll of silence.
   747 | D:2      | Noticed Robin
   750 | D:2      | 750 ||| STAIRDANCE
   754 | D:1      | HP: 6/29 [goblin/+0 club[Robin] (3)]
   754 | D:1      | HP: 1/29 [goblin/+0 dagger[Robin] (4)]
   754 | D:1      | Slain by a goblin

Levels and vault maps discovered:
D:1:      minmay_arrival_floating_metal, layout_rooms
D:2:      layout_loops_ring, uniq_robin

Skill      XL: |  1  2 |
---------------+-------+-----
Ranged Weapons | 3 |  3.7
Fighting       | 2 |  2.2
Dodging        | |  2.1
Spellcasting   | |  1.0
Hexes          | |  2.0

Action                     || total
---------------------------++-------
   Fire: Sling             ||    67
    Use: Scroll            ||     3
 Armour: Robe              ||    12
  Dodge: Dodged            ||    37

Table legend:
 A = Non-vault XP
 B = Vault XP
 C = Vault XP percentage of total XP
 D = Non-vault monster count
 E = Vault monster count
 F = Vault count percentage of total count
                 A         B        C        D         E       F
            +---------+---------+-------+---------+---------+-------
      Total |      55 |       4 |   6.8 |      28 |       2 |   6.7
            +---------+---------+-------+---------+---------+-------
        D:1 |      55 |       2 |   3.5 |      28 |       1 |   3.4
        D:2 |       0 |       2 | 100.0 |       0 |       1 | 100.0
            +---------+---------+-------+---------+---------+-------
